 Dungeon Sprint DCSS version 0.22-a0-77-g0fd0111 (webtiles) character file.

81 schets the Chopper (level 4, -7/70 HPs)
             Began as a Minotaur Berserker on Jan 14, 2018.
             Was a Believer of Trog.
             Mangled by a water elemental (17 damage)
             ... in the Dungeon (Sprint III: "The Ten Rune Challenge").
             The game lasted 00:01:27 (339 turns).

schets the Chopper (Minotaur Berserker)              Turns: 339, Time: 00:01:28

Health: -7/70      AC:  2    Str: 26    XL:     4   Next: 20%
Magic:  3/3        EV: 13    Int:  4    God:    Trog [**....]
Gold:   22         SH:  0    Dex: 11    Spells: 3/3 levels left

rFire    . . .     SeeInvis .   a - +0 hand axe
rCold    . . .     Gourm    .   (no shield)
rNeg     . . .     Faith    .   b - +0 animal skin
rPois    .         Spirit   .   (helmet restricted)
rElec    .         Reflect  .   (no cloak)
rCorr    .         Harm     .   (no gloves)
MR       .....     NoTele   +   (no boots)
Stlth    ..........             (no amulet)
HPRegen  0.21/turn              (no ring)
MPRegen  0.08/turn              (no ring)

@: berserking, engulfed (cannot breathe), very quick
A: retaliatory headbutt, horns 2
a: Berserk, Trog's Hand, Burn Spellbooks, Renounce Religion


You were in the Dungeon.
You worshipped Trog.
Trog was pleased with you.
You were hungry.

You visited 1 branch You collected 22 gold pieces.

Inventory:

Hand Weapons
 a - a +0 hand axe (weapon)
Armour
 b - a +0 animal skin (worn)
Wands
 k - a wand of polymorph (19)
Scrolls
 i - a scroll of blinking
 n - 2 scrolls of immolation
 o - 2 scrolls of remove curse
 q - a scroll of magic mapping
 r - a scroll of fog {unknown}
Potions
 d - a potion of curing
 e - 3 potions of heal wounds
 f - a potion of haste
 g - 2 potions of magic
 h - a potion of berserk rage
 l - 2 potions of lignification
 m - 3 potions of mutation
 p - 2 potions of flight
Comestibles
 c - 3 rations


   Skills:
 + Level 7.0 Fighting
 + Level 7.4 Axes
 + Level 3.9 Armour
 + Level 3.5 Dodging


You had 3 spell levels left.
You didn't know any spells.

Dungeon Overview and Level Annotations

Branches:
Dungeon (1/1)

Altars:


Innate Abilities, Weirdness & Mutations

You reflexively headbutt those who attack you in melee.
You have a pair of horns on your head.


Message History

You hit the water elemental.
Your headbutt misses the water elemental.
The water elemental is lightly damaged.
Your lungs strain for air!
The water elemental closely misses you.
You barely miss the water elemental.
The water elemental is lightly damaged.
Your lungs strain for air!
You slash the water elemental!
Your headbutt misses the water elemental.
The water elemental is moderately damaged.
Your lungs strain for air!
The water elemental hits you!
* * * LOW HITPOINT WARNING * * *
You closely miss the water elemental.
The water elemental is moderately damaged.
* * * LOW HITPOINT WARNING * * *
Your lungs strain for air!
The water elemental hits you!
You die...

▓▓▓▓▓▓▓▓▓▓ ▓▓▓
<.#..'...♣♣♣ ♣.#
..#..#.....♣♣ ♣♣.#
#'####......♣ ♣..#
.....#....≈.♣ ♣♣.###+#+##
.....#...≈≈♣♣♣.♣.#.......
.....#..≈≈≈≈..♣♣.E.⌠.....
####'#..≈≈≈≈≈≈♣♣@#...####
[.[..#.≈≈≈≈≈≈....#.⌠.#
.....#.≈≈≈≈≈.....#...#
..)..#.≈≈≈.......#+###
'#####...........#
.................#
▓▓▓▓▓▓▓▓▓▓▓▓▓▓▓▓▓▓


You could see a water elemental.

Vanquished Creatures
  Crazy Yiuf (D)
  Jessica (D)
  A human (D)
  2 oozes (D)
5 creatures vanquished.

Vanquished Creatures (others)
  2 draconian scorchers (D)
  6 hellions (D)
  A yaktaur (D)
9 creatures vanquished.

Grand Total: 14 creatures vanquished

Notes
Turn   | Place    | Note
-------+----------+-------------------------------------------
     0 | D        | schets the Minotaur Berserker began the quest for the Orb.
     0 | D        | Reached XP level 1. HP: 19/19 MP: 0/0
     9 | D        | Reached XP level 2. HP: 28/28 MP: 1/1
    15 | D        | Noticed Jessica
    17 | D        | Killed Jessica
    17 | D        | Reached ** piety under Trog
    17 | D        | Reached skill level 5 in Fighting
    17 | D        | Reached XP level 3. HP: 37/37 MP: 2/2
    82 | D        | Killed a hellion
    86 | D        | Killed a hellion
   101 | D        | Killed a hellion
   143 | D        | Killed a hellion
   153 | D        | Killed a hellion
   163 | D        | Killed a white draconian scorcher
   198 | D        | Killed a white draconian scorcher
   229 | D        | Noticed Crazy Yiuf
   252 | D        | Killed a hellion
   257 | D        | Killed Crazy Yiuf
   257 | D        | Reached XP level 4. HP: 47/47 MP: 3/3
   261 | D        | Killed a yaktaur
   332 | D        | Noticed a water elemental
   339 | D        | Mangled by a water elemental

Vault maps used:
D:        dungeon_sprint_mu

Skill      XL: |  1  2  3 |
---------------+----------+-----
Fighting       | 4 5 7 |  7.0
Axes           | 4 6 7 |  7.4
Armour         | 3 |  3.9
Dodging        | 3 |  3.5

Action                   |  1- 3 |  4- 6 || total
-------------------------+-------+-------++-------
Melee: Hand axe          |    14 |     4 ||    18
       Headbutt          |     3 |       ||     3
Invok: Berserk           |     2 |     1 ||     3
  Use: Scroll            |     1 |     3 ||     4
Armor: Animal skin       |     2 |       ||     2
Dodge: Dodged            |     8 |     1 ||     9

Table legend:
 A = Spawn XP
 B = Non-spawn XP
 C = Spawn XP percentage of total XP
 D = Spawn monster count
 E = Non-spawn monster count
 F = Spawn count percentage of total count
 G = Total turns spent on level
                    A         B        C        D         E        F      G
               +---------+---------+-------+---------+---------+-------+---------
         Total |       0 |     117 |   0.0 |       0 |       5 |   0.0 |   339
               +---------+---------+-------+---------+---------+-------+---------
             D |       0 |     117 |   0.0 |       0 |       5 |   0.0 |   339
               +---------+---------+-------+---------+---------+-------+---------
